 Dungeon Crawl Stone Soup version 0.31-a0-740-g87205ac768 (webtiles) character file.

Game seed: 1457191932968318335

20545 Newt the Fey Merfolk (level 12, -2/92 HPs)
             Began as a Merfolk Gladiator on Sept 12, 2023.
             Was a Priest of Yredelemnul.
             Slain by a large slime creature (35 damage)
             ... in an ice cave.
             The game lasted 00:19:09 (13748 turns).

Newt the Fey Merfolk (Merfolk Gladiator)           Turns: 13748, Time: 00:19:09

Health: -2/92      AC:  8    Str: 25    XL:     12   Next: 80%
Magic:  23/23      EV: 17    Int: 10    God:    Yredelemnul [***...]
Gold:   688        SH:  0    Dex: 16    Spells: 11/11 levels left

rFire   . . .        a - +6 trident (elec)
rCold   + + .        (no shield)
rNeg    . . .        V - +0 leather armour {rC+ rF+}
rPois   .            k - +2 helmet {Int+3}
rElec   .            r - +0 cloak
rCorr   .            (no gloves)
SInv    .            t - +0 pair of boots
Will    .....        j - amulet of faith
Stlth   +            N - +6 ring of strength
HPRegen 0.35/turn    i - ring of ice
MPRegen 0.18/turn

%: faith
@: no status effects
A: (nimble swimmer 2), mertail
a: Renounce Religion, Recall Undead Harvest, Dark Bargain


You were in an ice cave.
You worshipped Yredelemnul.
Yredelemnul was pleased with you.
You visited 2 branches of the dungeon, and saw 13 of its levels.
You also visited: Sewer and Ice Cave.

You collected 886 gold pieces.
You spent 198 gold pieces at shops.

Inventory:

Hand Weapons
 a - a +6 trident of electrocution (weapon)
 w - a +1 short sword of protection
Missiles
 d - a throwing net (quivered)
 e - a javelin
 l - 38 poisoned darts
 y - 3 curare-tipped darts
Armour
 b - a +0 leather armour
 c - a +0 helmet
 k - a +2 helmet of intelligence (worn)
 p - an orb of energy
 r - a +0 cloak (worn)
 t - a +0 pair of boots (worn)
 H - a scarf of invisibility
 I - the +4 ring mail of Painted Lucidity {rN++ Will+}
   (You found it on level 8 of the Dungeon)

   rN++:      It greatly protects you from negative energy.
   Will+:     It increases your willpower.
 V - a +0 leather armour of resistance (worn)
Jewellery
 i - a ring of ice (right hand)
 j - an amulet of faith (around neck)
 m - a ring of positive energy
 C - a +6 ring of dexterity
 K - a ring of protection from fire
 N - a +6 ring of strength (left hand)
 T - an amulet of magic regeneration
 W - a ring of willpower
Wands
 q - a wand of quicksilver (9)
 z - a wand of iceblast (8)
 A - a wand of flame (32)
 J - a wand of paralysis (6)
Scrolls
 g - 2 scrolls of poison
 s - 2 scrolls of teleportation
 u - a scroll of fear
 x - 2 scrolls of fog
 B - 2 scrolls of revelation
 D - a scroll of enchant weapon
 E - 2 scrolls of vulnerability
 F - 4 scrolls of noise
 G - a scroll of immolation
 L - a scroll of amnesia
 P - 2 scrolls of blinking
 S - a scroll of identify
Potions
 f - 4 potions of attraction
 h - 3 potions of mutation
 n - 2 potions of enlightenment
 o - 4 potions of curing
 v - 3 potions of brilliance {unknown}
 O - a potion of berserk rage {unknown}
 Q - a potion of heal wounds {unknown}
 R - a potion of resistance {unknown}
 U - 2 potions of ambrosia {unknown}
Miscellaneous
 M - a phial of floods


   Skills:
 - Level 8.0 Fighting
 - Level 13.8 Polearms
 - Level 5.0 Throwing
 - Level 10.0 Dodging
 + Level 14.9 Invocations
 - Level 5.0 Evocations


You had 11 spell levels left.
You didn't know any spells.
Your spell library contained the following spells:

 Spells                   Type           Power      Damage    Failure   Level
 Ensorcelled Hibernation  Hex/Ice        0%         N/A       54%         2
 Hailstorm                Conj/Ice       0%         3d3       78%         3
 Ignite Poison            Fire/Tmut/Pois 0%         N/A       78%         3
 Ozocubu's Armour         Ice            0%         N/A       78%         3
 Cause Fear               Hex            0%         N/A       99%         4
 Sticky Flame             Conj/Fire      0%         2d3       99%         4
 Fireball                 Conj/Fire      0%         3d3       100%        5
 Ozocubu's Refrigeration  Ice            0%         4d7       100%        7
 Ignition                 Fire           0%         3d3       100%        8
 Dragon's Call            Summ           0%         N/A       100%        9
 Polar Vortex             Ice            0%         N/A       100%        9


Dungeon Overview and Level Annotations

Branches:
Dungeon (12/15)            Temple (1/1) D:5            Lair (0/5) D:11
    Orc (0/2) D:10          Sewer (visited)           IceCv (1/1)

Altars:
Ashenzari
Cheibriados
Dithmenos
Elyvilon
Fedhas
Gozag
Hepliaklqana
Kikubaaqudgha
Makhleb
Nemelex Xobeh
Okawaru
Qazlal
Ru
Sif Muna
Trog
Uskayaw
Vehumet
Wu Jian
Xom
Yredelemnul
Zin
The Shining One
Jiyva

Shops:
D:5 :   D:6 ?

Annotations:
IceCv exclusion: ice statue


Innate Abilities, Weirdness & Mutations

((You are very nimble when in or above water. (Stealth+, EV+, Speed+++)))
Your lower body shifts to a powerful aquatic tail in water.


Message History

Press: ? - help, Dir - move target, f/p - ice statue
Aim: an ice statue (heavily damaged, ally target, about 5% to evade your +6 trident of electrocution)
You reach to attack!
You hit the ice statue.
The ice statue is severely damaged.
The large slime creature barely misses you.
The ice beast hits your slime creature zombie.
The ice beast freezes your slime creature zombie.
Your slime creature zombie resists.
Your slime creature zombie hits the ice beast!
Your slime creature zombie hits the large slime creature.
Reach: a) +6 trident (elec)
Press: ? - help, Dir - move target, f/p - ice statue
Aim: an ice statue (severely damaged, ally target, about 5% to evade your +6 trident of electrocution)
The large slime creature is in the way.
You barely miss the large slime creature.
The large slime creature is lightly wounded.
The large slime creature misses you.
The ice beast hits your slime creature zombie.
The ice beast freezes your slime creature zombie.
Your slime creature zombie resists.
Unknown command.
Reach: a) +6 trident (elec)
Press: ? - help, Dir - move target, f/p - ice statue
Aim: an ice statue (severely damaged, ally target, about 5% to evade your +6 trident of electrocution)
You reach to attack!
You hit the ice statue.
The ice statue is severely damaged.
Your slime creature zombie hits the ice beast.
Your slime creature zombie completely misses the large slime creature.
A glowing shapeshifter simulacrum comes into view.
Reach: a) +6 trident (elec)
Press: ? - help, Dir - move target, f/p - ice statue
Aim: an ice statue (severely damaged, ally target, about 5% to evade your +6 trident of electrocution)
You reach to attack!
You puncture the ice statue!
The ice statue is almost destroyed.
The ice beast hits your slime creature zombie.
The ice beast freezes your slime creature zombie.
Your slime creature zombie resists.
The large slime creature hits you!!
You die...
Your body rises from the dead as a mindless zombie.

##. #..Z. #######Z.....
######..Z@J8YZ...#
###........ZZYY...##
###.......###########
#.......### ###########
#####....### #.........###
...###....### ###...........##
.....###..Z.###.....###......#
.Z#....##.........######.....#
.Z##..Z.####....###...###....#


You could see an ice statue (ally target), a large slime creature (ally target),
3 ice beasts, a slime creature simulacrum, 2 glowing shapeshifter simulacra and
3 friendly slime creature zombies.

Vanquished Creatures
  Jorgrun (D:12)
  2 two-headed ogres
  The ghost of pigah the Mimic, a journeyman OpSh of Gozag (D:11)
  The ghost of Xavori the Covert, a novice OpCK of Xom (D:7)
  3 cyclopes
  A moth of wrath (D:7)
  Maurice (D:9)
  An ice statue (IceCv)
  9 slime creatures
  2 unseen horrors
  A komodo dragon (D:11)
  A troll (D:11)
  Sigmund (D:5)
  A vampire (D:11)
  The ghost of Wurlitzer the Ducker, an amateur DEFE (D:4)
  2 wyverns (D:7)
  16 yaks
  Eustachio (D:4)
  Edmund (D:6)
  An acid dragon (D:6)
  An orc warrior (D:8)
  2 water moccasins (D:7)
  A great orb of eyes simulacrum (IceCv)
  An ice beast (D:7)
  2 black bears
  2 ogres
  3 centaurs
  3 phantoms
  2 lemures (D:8)
  2 slime creature simulacra (IceCv)
  7 kobold brigands
  5 bullfrogs
  2 gnoll sergeants
  5 glowing shapeshifter simulacra (IceCv)
  4 scorpions
  3 troll zombies (D:10)
  9 killer bees
  4 howler monkeys
  2 quasits (D:4)
  3 hounds
  A jelly (D:6)
  A sleepcap (D:6)
  Crazy Yiuf (D:4)
  5 gnoll boudas
  3 orc priests (D:8)
  Jessica (D:3)
  Natasha (D:3)
  Ijyb (D:5)
  2 iguanas
  5 orc wizards
  3 shapeshifter simulacra (IceCv)
  An ogre zombie (D:10)
  11 adders
  21 gnolls
  4 river rats (Sewer)
  2 shadow imps
  A white imp (D:8)
  2 ufetubi
  3 worms
  A dart slug (D:1)
  22 orcs
  11 ball pythons
  9 endoplasms
  5 giant cockroaches
  7 goblins
  10 hobgoblins
  4 jackals (D:2)
  3 quokkas
  7 bats
  5 frilled lizards
  A goblin skeleton (D:10)
  3 goblin zombies (D:10)
  2 hobgoblin skeletons (D:10)
  27 kobolds
  4 orc skeletons (D:10)
  5 orc zombies (D:10)
  13 rats
319 creatures vanquished.

Vanquished Creatures (collateral kills)
  A two-headed ogre (D:8)
  A glowing orange brain (D:11)
  Pikel (D:8)
  Jeremiah (D:8)
  2 slime creatures (IceCv)
  2 yaks (D:10)
  A steam dragon (D:7)
  A sky beast (D:7)
  2 orc warriors
  A great orb of eyes simulacrum (IceCv)
  A centaur (D:10)
  A phantom (D:10)
  2 lemures (D:8)
  A kobold brigand (D:9)
  A scorpion (D:6)
  2 killer bees
  A quasit (D:4)
  3 jellies (D:11)
  An orc priest (D:8)
  3 orc wizards (D:8)
  2 ogre zombies (D:10)
  10 gnolls
  5 orcs
  A goblin (D:7)
  A hobgoblin (D:7)
  2 goblin zombies (D:10)
  7 kobolds
  An orc skeleton (D:10)
  An orc zombie (D:10)
59 creatures vanquished.

Vanquished Creatures (others)
  An unseen horror zombie (D:6)
  2 slime creature zombies (IceCv)
  A komodo dragon zombie (D:11)
  A wyvern zombie (D:7)
  A cyclops zombie (D:11)
  4 yak zombies
  A troll zombie (D:11)
  A black bear zombie (D:6)
  A centaur zombie (D:7)
  A bullfrog zombie (D:8)
  7 killer bee zombies
  A spectral jelly (D:12)
  2 howler monkey zombies (D:8)
  A spectral shadow imp (D:8)
  19 gnoll zombies
  7 kobold zombies
  13 orc zombies
  A spectral ufetubus (D:7)
65 creatures vanquished.

Grand Total: 443 creatures vanquished

Notes
Turn   | Place    | Note
-------+----------+-------------------------------------------
     0 | D:1      | Newt the Merfolk Gladiator began the quest for the Orb.
     0 | D:1      | Reached XP level 1. HP: 16/16 MP: 1/1
   101 | D:1      | Reached XP level 2. HP: 23/24 MP: 2/2
   594 | D:1      | Reached XP level 3. HP: 30/30 MP: 3/3
  1378 | D:2      | Reached XP level 4. HP: 37/38 MP: 4/4
  1767 | D:2      | Reached skill level 5 in Fighting
  2003 | D:3      | Noticed Jessica
  2007 | D:3      | Killed Jessica
  2008 | D:3      | Reached skill level 5 in Polearms
  2008 | D:3      | Reached XP level 5. HP: 44/44 MP: 5/5
  2038 | D:3      | Noticed Natasha
  2048 | D:3      | Killed Natasha
  2289 | D:3      | Found an ornate altar of the Wu Jian Council.
  2709 | D:4      | Noticed Eustachio
  2712 | D:4      | Found a glowing drain.
  2727 | Sewer    | Entered a sewer
  3106 | Sewer    | Noticed a kobold brigand
  3132 | Sewer    | Killed a kobold brigand
  3133 | Sewer    | Reached XP level 6. HP: 34/51 MP: 6/6
  3528 | Sewer    | Reached skill level 5 in Dodging
  3741 | Sewer    | Reached XP level 7. HP: 49/56 MP: 7/7
  3847 | D:4      | Killed Eustachio
  4166 | D:4      | Found a transporter.
  4168 | D:4      | Noticed Wurlitzer's ghost (amateur DEFE)
  4298 | D:4      | Found a transporter.
  4360 | D:4      | Found a runed translucent door.
  4361 | D:4      | Noticed Crazy Yiuf
  4372 | D:4      | Killed Crazy Yiuf
  4374 | D:4      | Identified the +6 hammer of the Shoals {freeze, rElec
                  | rPois}
  4449 | D:5      | Entered Level 5 of the Dungeon
  4461 | D:4      | Reached skill level 5 in Throwing
  4615 | D:5      | Reached XP level 8. HP: 32/64 MP: 8/8
  5257 | D:5      | Noticed Sigmund
  5270 | D:5      | Killed Sigmund
  5444 | D:5      | Found a staircase to the Ecumenical Temple.
  5446 | D:5      | Noticed Ijyb
  5458 | D:5      | Killed Ijyb
  5472 | Temple   | Entered the Ecumenical Temple
  5487 | Temple   | Became a worshipper of Yredelemnul the Dark
  5585 | D:5      | Found Tuhedghi's Vocational Training.
  5610 | D:5      | Reached * piety under Yredelemnul
  6177 | D:6      | Noticed Edmund
  6192 | D:6      | Killed Edmund
  6193 | D:6      | Reached XP level 9. HP: 66/74 MP: 9/9
  6231 | D:6      | Reached ** piety under Yredelemnul
  6232 | D:6      | Reached skill level 10 in Polearms
  6232 | D:6      | Reached skill level 1 in Evocations
  6444 | D:6      | Found a hazy altar of Hepliaklqana.
  6456 | D:6      | Found a broken altar of Ashenzari.
  6493 | D:6      | Found Bomyrem's Magic Scroll Shoppe.
  6497 | D:6      | Bought a scroll of identify for 24 gold pieces
  6497 | D:6      | Bought a scroll of identify for 24 gold pieces
  6497 | D:6      | Bought a scroll of enchant weapon for 90 gold pieces
  6497 | D:6      | Bought a scroll of vulnerability for 48 gold pieces
  6497 | D:6      | Bought a scroll of noise for 12 gold pieces
  6708 | D:6      | Killed an unseen horror
  6708 | D:6      | Reached *** piety under Yredelemnul
  6871 | D:6      | Noticed a two-headed ogre
  6883 | D:6      | Killed a two-headed ogre
  6884 | D:6      | Reached skill level 5 in Evocations
  7091 | D:4      | Killed Wurlitzer's ghost
  7244 | D:7      | Reached XP level 10. HP: 67/80 MP: 10/10
  7300 | D:7      | Reached skill level 10 in Dodging
  7307 | D:7      | Identified the +9 quarterstaff "Juumifov" {elec, rPois
                  | Will+ Str+2}
  7352 | D:7      | Found an ornate altar of the Wu Jian Council.
  7369 | D:7      | Noticed a moth of wrath
  7624 | D:7      | Found a transporter.
  7779 | D:7      | Found a transporter.
  7787 | D:7      | Noticed Xavori's ghost (novice OpCK)
  7921 | D:7      | Found an iron altar of Okawaru.
  8020 | D:7      | Killed a moth of wrath
  8023 | D:7      | Reached **** piety under Yredelemnul
  8024 | D:7      | Reached ***** piety under Yredelemnul
  8036 | D:7      | Killed Xavori's ghost
  8167 | D:8      | Found a sparkling altar of Nemelex Xobeh.
  8182 | D:8      | Reached skill level 1 in Invocations
  8236 | D:8      | Reached skill level 2 in Invocations
  8245 | D:8      | Noticed Jeremiah
  8250 | D:8      | Reached skill level 3 in Invocations
  8259 | D:8      | Noticed Pikel
  8359 | D:8      | Noticed a two-headed ogre
  8369 | D:8      | Killed a two-headed ogre
  8370 | D:8      | Reached skill level 5 in Invocations
  8370 | D:8      | Reached XP level 11. HP: 85/86 MP: 12/15
  8377 | D:8      | Killed Pikel
  8378 | D:8      | Reached skill level 6 in Invocations
  8454 | D:8      | Reached skill level 7 in Invocations
  8472 | D:8      | Killed Jeremiah
  8726 | D:8      | Found a shimmering altar of Xom.
  8788 | D:8      | Identified the +4 ring mail of Painted Lucidity {rN++
                  | Will+}
  9284 | D:9      | Noticed Maurice
  9295 | D:9      | Killed Maurice
  9604 | D:9      | Reached skill level 8 in Invocations
 10183 | D:10     | Entered Level 10 of the Dungeon
 10332 | D:10     | Reached skill level 9 in Invocations
 10470 | D:10     | Found a staircase to the Orcish Mines.
 10489 | D:10     | Reached skill level 10 in Invocations
 10523 | D:10     | Noticed a cyclops
 10531 | D:10     | Killed a cyclops
 10756 | D:10     | Reached ****** piety under Yredelemnul
 11301 | D:11     | Reached skill level 11 in Invocations
 11441 | D:11     | Reached XP level 12. HP: 62/92 MP: 20/20
 11534 | D:11     | Found a runed translucent gate.
 11600 | D:11     | Reached skill level 12 in Invocations
 11606 | D:11     | Identified the +7 long sword "Vuxtaode" {freeze, Int+3}
 11624 | D:11     | Found a staircase to the Lair.
 11869 | D:11     | Noticed a two-headed ogre
 11872 | D:11     | Killed a two-headed ogre
 12066 | D:11     | Found a runed translucent gate.
 12067 | D:11     | Found a runed translucent gate.
 12068 | D:11     | Noticed pigah's ghost (journeyman OpSh)
 12071 | D:11     | Found a viscous altar of Jiyva.
 12386 | D:11     | Killed pigah's ghost
 12398 | D:11     | Reached skill level 13 in Invocations
 12483 | D:12     | Found a frozen archway.
 12484 | D:12     | Noticed Jorgrun
 12501 | D:12     | Killed Jorgrun
 12502 | D:12     | Reached skill level 14 in Invocations
 12505 | IceCv    | Entered an ice cave
 13415 | IceCv    | Got the Notes on the Iceberg
 13748 | IceCv    | Slain by a large slime creature

Illustrated notes

Levels and vault maps discovered:
D:1:      onia_arrival_mini_maze_b, layout_rooms, corner_web_ring
D:2:      layout_loops_ring, minmay_rat_gold_closets
D:3:      layout_loops_ring, nzn_wu_jian_contemplation, uniq_natasha,
          uniq_jessica
D:4:      layout_cave_pools, gammafunk_ghost_stat_death, portal_sewer_entry_d,
          kennysheep_generic_room_2, uniq_eustachio, uniq_crazy_yiuf_cottage
D:5:      layout_loops_ring, minmay_temple_entry_slanted,
          nicolae_shop_vocational, uniq_sigmund, uniq_ijyb
D:6:      minmay_cornered_nines, layout_basic,
          mainiacjoe_overflow_large_starburst, serial_shops, shop, uniq_edmund
D:7:      layout_cave_pools, okawaru_altar_gauntlet_db,
          gammafunk_ghost_berserking_beasts, serial_park, serial_park_square1
          [serial_park_minivault_5x5_2], serial_park_gazebo
          [serial_park_minivault_5x5_4], serial_park_tiny_2, serial_park_tiny_1,
          minmay_checkerbox
D:8:      minmay_recursive_quarters, layout_cave_pools,
          mainiacjoe_overflow_catwalk, lemuel_crystal_altar, uniq_jeremiah,
          uniq_pikel
D:9:      layout_stronghold, uniq_maurice
D:10:     layout_basic, zombieorc1_lemuel
D:11:     layout_big_octagon, david_lair_shrubbed, gammafunk_ghost_ooze
D:12:     layout_basic, portal_ice_cave_entry_pillars_1, serial_shops, shop,
          uniq_jorgrun
Temple:   nicolae_temple_bog_church
IceCv:    ice_cave_hellmonk_azure_passage

Skill      XL: |  1  2  3  4  5  6  7  8  9 10 11 12 |
---------------+-------------------------------------+-----
Fighting       | 3 4 5 6 8 |  8.0
Polearms       | 5 7 9 10 13 | 13.8
Dodging        | 6 9 10 | 10.0
Throwing       | 5 |  5.0
Evocations     | 5 |  5.0
Invocations    | 5 11 14 | 14.9

Action                     |  1- 3 |  4- 6 |  7- 9 | 10-12 || total
---------------------------+-------+-------+-------+-------++-------
  Melee: Trident           |   125 |   237 |   278 |   597 ||  1237
         Punch             |     3 |     2 |     1 |     5 ||    11
         Tailslap          |       |    12 |     4 |       ||    16
  Throw: Throwing net      |     1 |       |     4 |       ||     5
 Invoke: Recall Undead Har |       |       |       |    10 ||    10
         Dark Bargain      |       |       |       |     1 ||     1
         Bind Soul         |       |       |       |     1 ||     1
         Stop Recall       |       |       |       |     1 ||     1
    Use: Scroll            |     2 |     4 |    17 |     2 ||    25
         Potion            |       |       |     2 |     4 ||     6
   Stab: Sleeping          |     1 |     2 |     2 |     1 ||     6
         Distracted        |       |     1 |     1 |     4 ||     6
         Held in net/web   |       |       |     1 |       ||     1
         Invisible         |       |       |       |     6 ||     6
 Armour: Leather armour    |    53 |    77 |   126 |    63 ||   319
         Ring mail         |       |       |       |    95 ||    95
  Dodge: Dodged            |    69 |    96 |   131 |   205 ||   501

Table legend: (Time is in decaauts)
 A = Elapsed time spent in this place.
 B = Non-inter-level travel time spent in this place.
 C = Inter-level travel time spent in this place.
 D = Time resting spent in this place.
 E = Time spent auto-exploring this place.
 F = Levels seen in this place.
 G = Mean time per level.
                   A        B        C        D        E       F      G
               +--------+--------+--------+--------+--------+-----+--------+
         Total |  13288 |  12755 |    533 |   3462 |   7167 |  15 |  885.9 |
       Dungeon |  11098 |  10592 |    506 |   2252 |   6558 |  12 |  924.8 |
        Temple |     28 |      1 |     27 |      0 |      0 |   1 |   28.0 |
         Sewer |    966 |    966 |      0 |    444 |    335 |   1 |  966.0 |
      Ice Cave |   1194 |   1194 |      0 |    766 |    274 |   1 | 1194.0 |
               +--------+--------+--------+--------+--------+-----+--------+

Top non-repeatable levels by time:
     D:5: 1437 daAuts
   IceCv: 1194 daAuts
    D:11: 1145 daAuts
     D:6: 1053 daAuts
    D:10: 1032 daAuts
     D:8: 1003 daAuts
   Sewer: 966 daAuts
     D:4: 939 daAuts
     D:9: 938 daAuts
     D:7: 921 daAuts
     D:2: 916 daAuts
     D:1: 904 daAuts
     D:3: 790 daAuts
  Temple: 28 daAuts
    D:12: 16 daAuts
